Map: 세라스 폐허

Players

BepHblN - Winner!

  • Race: Protoss Protoss
  • League: Diamond

아빠타

  • Race: Protoss Protoss
  • League: Diamond

VOD

Have the link to the VOD?

Description

Time

  • Played on: Jan. 11, 2016, 8:04 p.m.
  • Length: 13:44
Show
View Real Time Build Order
Export as new Build Order

BepHblN Protoss - Winner!

Build Orders: Nexus First 

Get SALT Encoding   

  12  0:00  Probe (Chrono Boost)  
  13  0:11  Probe (Chrono Boost)  
  14  0:23  Probe (Chrono Boost)  
  14  0:24  Pylon  
  16  0:43  Probe (Chrono Boost)  
  16  0:53  Probe (Chrono Boost)  
  17  1:02  Nexus  
  17  1:14  Gateway  
  17  1:17  Probe (Chrono Boost)  
  18  1:28  Gateway  
  18  1:32  Probe (Chrono Boost)  
  19  1:37  Assimilator  
  19  1:43  Probe (Chrono Boost)  
  20  1:51  Assimilator  
  20  1:53  Probe (Chrono Boost)  
  21  1:58  Assimilator  
  21  2:05  Cybernetics Core  
  21  2:11  Probe (Chrono Boost)  
  22  2:19  Probe (Chrono Boost)  
  22  2:22  Probe (Chrono Boost)  
  24  2:30  Probe (Chrono Boost)  
  24  2:32  Probe (Chrono Boost)  
  26  2:40  Probe (Chrono Boost)  
  26  2:43  Stalker (Chrono Boost), Probe (Chrono Boost)  
  26  2:44  Stalker (Chrono Boost)  
  31  2:59  Mothership Core (Chrono Boost)  
  26  3:39  Pylon  
  26  3:41  Pylon  
  26  3:43  Stalker  
  24  3:52  Mothership Core (Chrono Boost)  
  26  4:16  Pylon  
  26  4:19  Probe (Chrono Boost)  
  26  4:21  Probe (Chrono Boost)  
  32  4:40  Probe (Chrono Boost)  
  32  4:41  Probe (Chrono Boost)  
  30  4:58  Stalker  
  30  5:01  Stalker (Chrono Boost)  
  30  5:07  Pylon  
  30  5:09  Pylon  
  30  5:21  Pylon  
  30  5:25  Probe x2 (Chrono Boost)  
  32  5:31  Stalker x2 (Chrono Boost)  
  36  5:37  Probe x2  
  36  5:40  Pylon  
  38  5:49  Probe x2  
  40  5:59  Robotics Facility  
  40  6:01  Probe x2  
  42  6:13  Probe x2  
  44  6:24  Probe  
  45  6:26  Probe  
  46  6:43  Gateway x2  
  46  6:45  Pylon  
  46  6:48  Immortal  
  40  7:13  Cybernetics Core  
  40  7:27  Immortal (Chrono Boost)  
  37  7:44  Probe  
  31  7:45  Probe  
  30  7:52  Stalker x3  
  27  8:08  Probe  
  27  8:09  Probe  
  27  8:17  Mothership Core  
  27  8:23  Probe  
  30  8:28  Warp Gate (Chrono Boost)  
  30  8:35  Probe  
  30  8:37  Probe  
  32  8:52  Immortal (Chrono Boost)  
  36  8:56  Probe  
  36  9:00  Probe  
  38  9:08  Probe  
  39  9:11  Probe  
  40  9:20  Probe  
  40  9:23  Probe  
  42  9:26  Pylon  
  42  9:32  Probe  
  42  9:35  Probe  
  44  9:39  Immortal  
  44  9:44  Probe  
  49  9:47  Probe  
  50  9:57  Probe  
  50  9:59  Probe  
  52  10:09  Probe  
  52  10:11  Assimilator  
  52  10:12  Probe  
  54  10:15  Observer  
  54  10:20  Gateway  
  54  10:21  Probe  
  56  10:23  Stalker  
  56  10:24  Stalker, Gateway, Probe  
  56  10:27  Sentry  
  63  10:33  Probe  
  64  10:36  Probe  
  65  10:45  Probe  
  65  10:48  Probe  
  67  10:53  Pylon  
  67  10:59  Probe  
  67  11:00  Probe  
  69  11:06  Immortal  
  73  11:11  Probe  
  73  11:12  Stalker x2  
  73  11:16  Pylon  
  78  11:28  Stalker  
  78  11:38  Stalker  
  78  11:39  Stalker x2, Pylon  
  84  11:40  Stalker, Pylon  
  86  11:52  Immortal  
  86  11:53  Pylon  
  86  11:58  Mothership Core  
  86  11:59  Stalker  
  94  12:03  Stalker  
  94  12:04  Stalker  
  94  12:06  Stalker  
  100  12:20  Stalker  
  101  12:30  Pylon  
  101  12:35  Stalker x3  
  101  12:36  Stalker  
  85  13:00  Stalker x4  
  83  13:11  Stalker  
  83  13:24  Stalker  
  83  13:25  Stalker x3  
Show
View Real Time Build Order
Export as new Build Order

아빠타 Protoss 

Build Orders:  

Get SALT Encoding   

  12  0:01  Probe (Chrono Boost)  
  13  0:11  Probe (Chrono Boost)  
  14  0:19  Pylon  
  14  0:23  Probe (Chrono Boost)  
  15  0:37  Probe (Chrono Boost)  
  15  0:40  Gateway  
  16  0:48  Probe (Chrono Boost)  
  16  0:49  Assimilator  
  17  0:53  Assimilator  
  17  0:58  Probe (Chrono Boost)  
  18  1:06  Pylon  
  18  1:12  Probe (Chrono Boost)  
  19  1:23  Probe (Chrono Boost)  
  20  1:27  Cybernetics Core  
  20  1:34  Probe (Chrono Boost)  
  21  1:40  Assimilator  
  21  1:48  Probe (Chrono Boost)  
  23  2:04  Mothership Core (Chrono Boost)  
  24  2:11  Stalker (Chrono Boost)  
  26  2:17  Pylon  
  26  2:19  Warp Gate  
  26  2:22  Probe (Chrono Boost)  
  27  2:40  Stalker (Chrono Boost)  
  29  2:45  Pylon  
  29  2:49  Pylon  
  29  2:51  Pylon  
  29  3:07  Probe  
  30  3:15  Pylon  
  30  3:19  Probe  
  30  3:35  Mothership Core (Chrono Boost)  
  31  3:52  Stalker  
  31  3:55  Gateway  
  33  3:56  Gateway  
  33  3:58  Gateway  
  33  4:05  Probe (Chrono Boost)  
  34  4:16  Probe (Chrono Boost)  
  33  4:28  Pylon x2  
  33  4:29  Probe (Chrono Boost)  
  31  4:40  Probe (Chrono Boost)  
  32  4:50  Probe (Chrono Boost)  
  33  5:10  Nexus  
  34  5:14  Probe (Chrono Boost)  
  34  5:17  Stalker  
  34  5:18  Stalker  
  38  5:25  Pylon  
  38  5:29  Pylon  
  38  5:35  Pylon  
  38  5:40  Probe (Chrono Boost)  
  39  5:44  Stalker x3  
  39  5:47  Pylon  
  45  5:50  Pylon  
  45  5:57  Twilight Council  
  45  6:05  Stalker  
  47  6:13  Stalker  
  49  6:21  Stalker  
  49  6:25  Pylon  
  49  6:39  Stalker x2  
  51  6:45  Pylon  
  51  6:51  Stalker  
  49  6:58  Stalker  
  47  7:08  Stalker  
  49  7:11  Probe (Chrono Boost)  
  50  7:21  Probe (Chrono Boost)  
  45  7:50  Stalker  
  45  7:51  Stalker x2  
  47  7:52  Stalker  
  51  8:02  Probe x2 (Chrono Boost)  
  51  8:04  Robotics Facility x2  
  51  8:12  Probe (Chrono Boost)  
  46  8:17  Stalker x2  
  50  8:31  Assimilator  
  50  8:32  Blink (Chrono Boost)  
  50  8:35  Stalker x2  
  50  8:40  Assimilator  
  54  8:50  Gateway  
  54  8:53  Stalker  
  56  9:03  Immortal (Chrono Boost)  
  60  9:17  Stalker x2  
  64  9:22  Probe  
  65  9:33  Robotics Bay  
  65  9:34  Probe  
  66  9:40  Stalker  
  68  9:50  Immortal (Chrono Boost)  
  72  10:13  Nexus  
  75  10:25  Disruptor (Chrono Boost)  
  75  10:29  Probe  
  75  10:35  Pylon  
  76  10:36  Pylon  
  76  10:44  Stalker x2  
  76  10:45  Stalker  
  82  10:51  Disruptor (Chrono Boost)  
  85  10:58  Forge  
  85  11:05  Observer (Chrono Boost)  
  85  11:07  Probe (Chrono Boost)  
  88  11:11  Probe (Chrono Boost)  
  88  11:19  Probe (Chrono Boost)  
  88  11:20  Pylon  
  88  11:22  Probe (Chrono Boost)  
  88  11:29  Probe (Chrono Boost)  
  88  11:31  Stalker  
  88  11:32  Stalker  
  87  11:36  Probe (Chrono Boost)  
  87  11:37  Probe (Chrono Boost)  
  90  11:40  Probe (Chrono Boost)  
  90  11:43  Stalker  
  90  11:45  Probe (Chrono Boost)  
  90  11:46  Disruptor (Chrono Boost)  
  93  11:50  Probe  
  93  11:53  Observer (Chrono Boost)  
  98  11:55  Photon Cannon  
  98  12:02  Pylon  
  98  12:09  Gateway  
  98  12:11  Gateway  
  98  12:32  Stalker x4  
  75  13:00  Stalker x4  
  75  13:01  Mothership Core  
  56  13:20  Stalker x2  
  56  13:21  Stalker x2  
  56  13:23  Stalker  
  56  13:24  Stalker  
Tags
 
Add a new tag
Caveats
  • Supply blocks, unpowered buildings, or Contaminate may cause inaccurate times.
  • Supply counts are checked every 10 seconds.